 Dungeon Crawl Stone Soup version 0.28.0 (webtiles) character file.

Game seed: 622539535022512638

247 browni3141 the Chopper (level 5, 0/48 HPs)
             Began as a Minotaur Berserker on Feb 16, 2022.
             Was a Believer of Trog.
             Killed from afar by an orc wizard (9 damage)
             ... with a magic dart
             ... on level 3 of the Dungeon.
             The game lasted 00:01:23 (1676 turns).

browni3141 the Chopper (Minotaur Berserker)         Turns: 1676, Time: 00:01:23

Health: 0/48       AC:  2    Str: 23    XL:     5   Next: 85%
Magic:  4/4        EV: 12    Int:  4    God:    Trog [**....]
Gold:   78         SH:  0    Dex: 10    Spells: 4/4 levels left

rFire   . . .      SeeInvis .   a - +0 hand axe
rCold   . . .      Faith    .   (no shield)
rNeg    . . .      Spirit   .   b - +0 animal skin
rPois   .          Reflect  .   (helmet restricted)
rElec   .          Harm     .   (no cloak)
rCorr   .          Rampage  .   (no gloves)
Will    ++...                   (no boots)
Stlth   +.........              h - amulet of regeneration
HPRegen 1.96/turn               (no ring)
MPRegen 0.09/turn               (no ring)

@: strong-willed, on berserk cooldown, regenerating, slowed, very slow
A: horns 2, retaliatory headbutt
a: Renounce Religion, Berserk, Trog's Hand


You were on level 3 of the Dungeon.
You worshipped Trog.
Trog was pleased with you.
You visited 1 branch of the dungeon, and saw 3 of its levels.

You collected 78 gold pieces.

Inventory:

Hand Weapons
 a - a +0 hand axe (weapon)
Armour
 b - a +0 animal skin (worn)
Jewellery
 h - an amulet of regeneration (around neck)
Scrolls
 c - a scroll of identify {unknown}
 f - a scroll of magic mapping {unknown}
 j - a scroll of acquirement {unknown}
 k - 2 scrolls of vulnerability {unknown}
 l - a scroll of summoning {unknown}
Potions
 d - a potion of flight {unknown}
 e - a potion of berserk rage {unknown}
 g - 2 potions of curing {unknown}
 i - a potion of attraction {unknown}
 m - a potion of degeneration {unknown}


   Skills:
 + Level 5.4 Fighting
 + Level 5.4 Axes
 + Level 4.6 Armour
 - Level 2.1 Dodging


You had 4 spell levels left.
You didn't know any spells.
Your spell library was empty.

Dungeon Overview and Level Annotations

Branches:
Dungeon (3/15)

Altars:
Wu Jian

Shops:
D:1 *


Innate Abilities, Weirdness & Mutations

You have a pair of horns on your head.
You reflexively headbutt those who attack you in melee.


Message History

You hit something. Your headbutt misses something.
Something hits you but does no damage.
No target in view!
You barely miss something.
No target in view!
You closely miss something. You headbutt something. Something hits you.
No target in view!
You barely miss something. Something hits you but does no damage.
You miss something. Something hits you.
No target in view!
You miss something.
You are no longer berserk.
You are exhausted.
You feel yourself slow down.
You hit something but do no damage. Something hits you.
Something completely misses you.
You hit something but do no damage. Something hits you.
You hit something. Something hits you.
You hear some strange, mumbled words.
A magic dart appears from out of thin air!
The magic dart hits you!
You miss something. Something hits you.
* * * LOW HITPOINT WARNING * * *
You miss something. Your headbutt misses something. You punch something.
You hear some strange, mumbled words.
A magic dart appears from out of thin air!
The magic dart hits you!
* * * LOW HITPOINT WARNING * * *
Something hits you.
* * * LOW HITPOINT WARNING * * *
Unknown command.
Your skin crawls.
You feel strong-willed. Something hits you but does no damage.
Unknown command.
You miss something. Your headbutt misses something.
You hear some strange, mumbled words.
A magic dart appears from out of thin air!
The magic dart hits you!
You die...

............# # #
........###...[##.[
....###.## ###...
....# #..###... ##
...># ##...#.# .##
##### ####..<###
#..####
#......[.##.......
.....######.){.......
#### ###@.......
#........ ##.......
....... .......
#######


There were no monsters in sight!

Vanquished Creatures
  An orc priest (D:3)
  2 orc wizards (D:3)
  Terence (D:3)
  6 gnolls (D:2)
  3 adders (D:2)
  A dart slug (D:1)
  6 orcs (D:3)
  6 ball pythons
  4 endoplasms
  5 giant cockroaches
  4 goblins
  2 hobgoblins (D:2)
  2 kobolds (D:1)
  A quokka (D:3)
  4 bats
  3 frilled lizards (D:2)
  4 rats
55 creatures vanquished.

Notes
Turn   | Place    | Note
-------+----------+-------------------------------------------
     0 | D:1      | browni3141 the Minotaur Berserker began the quest for the
                  | Orb.
     0 | D:1      | Reached XP level 1. HP: 19/19 MP: 0/0
   301 | D:1      | Found Tymmaiph's General Store.
   333 | D:1      | Reached XP level 2. HP: 27/27 MP: 1/1
   335 | D:1      | Found a faded altar of an unknown god.
   712 | D:2      | Found an ornate altar of the Wu Jian Council.
   746 | D:2      | Reached XP level 3. HP: 21/33 MP: 2/2
   934 | D:2      | Reached XP level 4. HP: 41/41 MP: 3/3
  1017 | D:2      | Reached ** piety under Trog
  1557 | D:3      | Reached skill level 5 in Fighting
  1557 | D:3      | Reached skill level 5 in Axes
  1557 | D:3      | Reached XP level 5. HP: 48/48 MP: 4/4
  1645 | D:3      | Noticed Terence
  1654 | D:3      | Killed Terence
  1676 | D:3      | Killed from afar by an orc wizard

Illustrated notes

Levels and vault maps discovered:
D:1:      nicolae_arrival_somewhat_less_tricky_arrival, layout_rooms,
          ebering_ecumenical_altar_box, serial_shops, shop
D:2:      layout_loops_ring, basic_altar, amcnicky_mini_rare_corridor_liquid
D:3:      layout_rooms, uniq_terence

Skill      XL: |  1  2  3  4 |
---------------+-------------+-----
Fighting       | 4 5 |  5.4
Axes           | 4 5 |  5.4
Armour         | 3 4 |  4.6
Dodging        | |  2.1

Action                   |  1- 3 |  4- 6 || total
-------------------------+-------+-------++-------
Melee: Hand axe          |    57 |    76 ||   133
       Headbutt          |     9 |    10 ||    19
       Punch             |       |     2 ||     2
Invok: Berserk           |     1 |     3 ||     4
       Trog's Hand       |       |     2 ||     2
Armor: Animal skin       |    10 |    10 ||    20
Dodge: Dodged            |    31 |    24 ||    55
